AoeStats
← 812508893

Arena

510733682Analyzed
4v4 RM · 17h ago on Oct 2, 2026· 58m 45s· 8 players
Game mode
Random Map
Map size
Large (8 player)
Population
200
Speed
Normal
Resources
Standard
Victory
Conquest
Starting age
Dark Age
Ending age
Imperial Age
RankedLock teamsTeams togetherTeam positionsShared explorationLock speedFull tech treeHidden civsTurbo modeCheats
Victory
Defeat
🇭🇰 Persians · Hong Kong SAR China
1006
+16
🇨🇳 Spanish · China
1002
+16
🇨🇳 Vikings · China
939
+19
🇻🇳 Franks · Vietnam
862
+22
🇦🇺 Armenians · Australia
1091
-23
🇦🇺 Franks · Australia
1072
-21
🇦🇺 Turks · Australia
934
-15
🇦🇺 Celts · Australia
900
-14
Lovebird
1:57 Loom
10:56 Feudal Age
15:20 Castle Age
13:46 Double-Bit Axe
13:55 Horse Collar
16:17 Bow Saw
17:16 Wheelbarrow
19:53 Heavy Plow
22:15 Gold Mining
24:26 Gold Shaft Mining
23:47 Stone Mining
25:18 Hand Cart
30:00 Imperial Age
29:03 Stone Shaft Mining
28:57 Forging
28:53 Scale Barding Armor
30:39 Iron Casting
30:50 Conscription
30:00 Elite War Elephant
32:57 Two-Man Saw
33:07 Blast Furnace
33:10 Crop Rotation
33:39 Chain Barding Armor
32:45 Pikeman
33:26 Squires
33:40 Bloodlines
34:19 Husbandry
33:40 Light Cavalry
33:48 Halberdier
35:37 Scale Mail Armor
35:41 Capped Ram
39:29 Citadels
40:30 Plate Barding Armor
40:11 Chain Mail Armor
39:56 Siege Ram
45:06 Caravan
47:34 Guilds
nm18
9:29 Loom
11:51 Feudal Age
12:43 Double-Bit Axe
15:42 Castle Age
17:28 Wheelbarrow
17:33 Wheelbarrow
17:19 Bow Saw
22:08 Hand Cart
21:43 Gold Mining
26:55 Town Watch
27:47 Gold Shaft Mining
27:03 Stone Mining
31:40 Imperial Age
30:24 Town Patrol
30:35 Forging
30:31 Scale Barding Armor
30:27 Scale Mail Armor
31:19 Ordonnance Companies
31:48 Cavalier
32:29 Husbandry
33:11 Iron Casting
32:57 Chain Barding Armor
32:58 Conscription
34:00 Elite Throwing Axeman
35:00 Masonry
36:14 Architecture
35:55 Fortified Wall
36:08 Ballistics
35:29 Treadmill Crane
36:23 Chain Mail Armor
37:09 Blast Furnace
36:11 Squires
35:57 Arson
36:55 Paladin
38:11 Plate Barding Armor
38:08 Plate Mail Armor
38:51 Coinage
38:22 Caravan
39:17 Chivalry
38:56 Onager
40:24 Fletching
41:37 Chemistry
41:16 Banking
44:16 Light Cavalry
46:35 Bodkin Arrow
46:37 Murder Holes
52:59 Heavy Scorpion
812508893
10:48 Feudal Age
14:31 Castle Age
13:23 Double-Bit Axe
13:29 Horse Collar
16:33 Bow Saw
16:57 Heavy Plow
21:34 Gold Mining
23:15 Gold Shaft Mining
22:59 Stone Mining
28:22 Imperial Age
27:58 Forging
27:48 Scale Mail Armor
27:40 Arson
27:55 Squires
27:16 Pikeman
28:55 Caravan
29:57 Iron Casting
29:37 Chain Mail Armor
29:48 Treadmill Crane
30:21 Fortified Wall
30:34 Man-at-Arms
32:18 Blast Furnace
30:51 Elite Berserk
31:37 Chieftains
32:00 Conscription
34:15 Cavalier
36:30 Murder Holes
37:07 Plate Mail Armor
36:45 Scale Barding Armor
36:41 Long Swordsman
37:32 Two-Handed Swordsman
38:24 Champion
39:28 Chain Barding Armor
39:00 Fletching
39:10 Padded Archer Armor
39:36 Ballistics
40:16 Chemistry
45:16 Bodkin Arrow
45:37 Leather Archer Armor
49:33 Elite Varangian Guard
52:46 Capped Ram
55:59 Bracer
56:29 Ring Archer Armor
Lee
10:59 Feudal Age
16:33 Castle Age
15:00 Double-Bit Axe
15:29 Horse Collar
18:31 Bow Saw
22:25 Stone Mining
24:58 Gold Mining
26:36 Wheelbarrow
28:04 Heavy Plow
28:22 Inquisition
28:44 Bloodlines
29:14 Hand Cart
29:46 Stone Shaft Mining
30:04 Town Watch
33:25 Imperial Age
30:43 Loom
31:18 Padded Archer Armor
31:08 Fletching
32:55 Ballistics
36:02 Conscription
38:52 Chemistry
38:28 Bloodlines
38:20 Husbandry
37:53 Elite Conquistador
39:32 Leather Archer Armor
39:12 Bodkin Arrow
39:29 Squires
43:31 Town Patrol
44:50 Ring Archer Armor
44:21 Bracer
44:27 Scale Barding Armor
48:17 Light Cavalry
49:22 Chain Barding Armor
49:02 Scale Mail Armor
49:12 Forging
50:04 Hussar
jezza361
5:03 Loom
11:51 Feudal Age
16:21 Castle Age
14:35 Stone Mining
15:00 Double-Bit Axe
23:09 Bow Saw
28:01 Murder Holes
33:32 Imperial Age
30:57 Gold Mining
30:51 Horse Collar
32:22 Wheelbarrow
31:32 Town Watch
32:54 Heavy Plow
33:37 Gold Shaft Mining
33:57 Fortified Wall
33:58 Masonry
35:32 Fletching
35:43 Padded Archer Armor
36:42 Heavy Camel Rider
38:34 Husbandry
38:44 Bloodlines
38:50 Forging
38:45 Scale Barding Armor
40:18 Hand Cart
40:03 Town Patrol
41:32 Iron Casting
42:04 Two-Man Saw
51:25 Bodkin Arrow
51:45 Leather Archer Armor
HtMasa
7:12 Loom
12:33 Feudal Age
13:15 Double-Bit Axe
13:12 Horse Collar
14:09 Wheelbarrow
14:10 Gold Mining
22:40 Castle Age
22:31 Forging
22:23 Scale Mail Armor
23:38 Bow Saw
23:18 Pikeman
23:46 Gambesons
24:40 Iron Casting
24:22 Chain Mail Armor
29:21 Masonry
30:22 Gold Shaft Mining
29:40 Stone Mining
35:04 Imperial Age
34:10 Fletching
34:18 Murder Holes
34:44 Ballistics
34:47 Hand Cart
35:53 Halberdier
38:24 Heavy Scorpion
39:55 Siege Engineers
40:54 Blast Furnace
40:25 Plate Mail Armor
39:43 Town Watch
41:48 Capped Ram
51:28 Fortified Wall
51:18 Man-at-Arms
52:32 Man-at-Arms
54:44 Long Swordsman
55:54 Two-Handed Swordsman
Mordring
10:25 Feudal Age
14:50 Castle Age
12:35 Loom
13:10 Double-Bit Axe
16:50 Wheelbarrow
19:19 Bow Saw
21:34 Gold Mining
23:19 Hand Cart
23:26 Hand Cart
28:52 Imperial Age
27:01 Husbandry
27:14 Forging
27:10 Scale Barding Armor
26:56 Fletching
27:23 Murder Holes
28:46 Iron Casting
29:55 Gold Shaft Mining
28:57 Cavalier
30:23 Chain Barding Armor
30:01 Bodkin Arrow
30:38 Paladin
32:42 Blast Furnace
32:07 Town Watch
33:11 Plate Barding Armor
35:01 Pikeman
35:42 Squires
35:27 Arson
35:40 Halberdier
38:47 Conscription
40:24 Scale Mail Armor
42:51 Chain Mail Armor
44:49 Elite Skirmisher
46:29 Padded Archer Armor
52:00 Chemistry
51:20 Ballistics
51:12 Masonry
AwesomePete
5:46 Loom
11:29 Feudal Age
15:29 Castle Age
13:48 Double-Bit Axe
13:50 Horse Collar
18:17 Sanctity
24:30 Bow Saw
24:24 Heavy Plow
24:17 Stone Mining
24:21 Gold Mining
25:11 Fletching
25:22 Padded Archer Armor
26:32 Wheelbarrow
26:50 Gold Shaft Mining
27:52 Hand Cart
28:02 Ballistics
27:23 Treadmill Crane
31:57 Imperial Age
30:18 Bodkin Arrow
30:38 Leather Archer Armor
31:02 Caravan
30:59 Pikeman
31:39 Squires
31:57 Scale Mail Armor
32:08 Forging
31:38 Halberdier
33:05 Conscription
33:21 Hoardings
34:39 Chemistry
33:50 Masonry
34:04 Chain Mail Armor
34:24 Iron Casting
34:21 Ring Archer Armor
34:15 Bracer
35:32 Town Watch
36:32 Plate Mail Armor
36:47 Elite Composite Bowman
38:52 Blast Furnace
40:12 Gambesons
39:47 Man-at-Arms
40:38 Long Swordsman
41:25 Fereters
41:26 Two-Handed Swordsman
42:00 Capped Ram
42:47 Champion
46:19 Coinage
45:33 Siege Ram
Connection lost

Rejoining the realm…

Still unreachable

The connection could not be restored.

Session expired

The server has moved on; the page needs a fresh start.